 Dungeon Crawl Stone Soup version 0.31-a0-152-g6aa68a64a1 (webtiles) character file.

Game seed: 11121375387907033632

51 qw the Shooter (level 3, -1/31 HPs)
             Began as a Minotaur Hunter on June 9, 2023.
             Slain by a gnoll
             ... wielding a +0 flail
              (7 damage)
             ... on level 3 of the Dungeon.
             The game lasted 00:00:28 (1357 turns).

qw the Shooter (Minotaur Hunter)                    Turns: 1357, Time: 00:00:29

Health: -1/31      AC:  3    Str: 13 (15) XL:     3   Next: 57%
Magic:  2/2        EV: 12    Int:  3 (6)  God:
Gold:   47         SH:  0    Dex: 16 (17) Spells: 2/2 levels left

rFire   . . .        Y - +0 shortbow
rCold   . . .        (shield currently unavailable)
rNeg    . . .        h - +1 robe "Kohomyeh" {Dex+2}
rPois   .            (helmet restricted)
rElec   .            (no cloak)
rCorr   .            (no gloves)
SInv    .            (no boots)
Will    .....        (no amulet)
Stlth   ++           (no ring)
HPRegen 0.25/turn    (no ring)
MPRegen 0.08/turn

%: no passive effects
@: about to teleport
A: horns 2, retaliatory headbutt
a: no special abilities


You were on level 3 of the Dungeon.
You visited 1 branch of the dungeon, and saw 3 of its levels.

You collected 47 gold pieces.


Innate Abilities, Weirdness & Mutations

You have a pair of horns on your head.
You reflexively headbutt those who attack you in melee.


   Skills:
 - Level 3.0 Fighting
 + Level 5.5 Ranged Weapons
 - Level 1.0 Armour
 - Level 2.1 Dodging
 - Level 0.7 Stealth


You had 2 spell levels left.
You didn't know any spells.
Your spell library was empty.

Inventory:

Hand Weapons
 Y - a +0 shortbow (weapon)
Armour
 h - the +1 robe "Kohomyeh" (worn) {Dex+2}
   (You found it on level 2 of the Dungeon)

   Dex:       It affects your dexterity (+2).
Potions
 c - a potion of curing
 f - a potion of lignification {unknown}
 g - a potion of heal wounds {unknown}

Dungeon Overview and Level Annotations

Branches:
Dungeon (3/15)

Altars:

Shops:
D:2 !


Message History

The orc shouts!
The orc barely misses you.
You shoot an arrow. The arrow barely misses the orc.
A gnoll comes into view. It is wielding a +0 flail.
The orc hits you but does no damage.
You shoot an arrow. The arrow hits the orc.
The orc is almost dead.
The orc hits you with a +0 club.
A ball python comes into view.
You shoot an arrow. The ball python hisses angrily.
The arrow hits the orc.
You kill the orc!
You shoot an arrow.
The arrow hits the orc but does no damage.
You shoot an arrow. The arrow hits the orc!
You kill the orc!
You shoot an arrow. The arrow hits the gnoll.
The gnoll is lightly wounded.
A gnoll comes into view. It is wielding a +0 spear.
You shoot an arrow. The gnoll shouts!
The arrow hits the gnoll.
The gnoll is moderately wounded.
The gnoll hits you with a +0 flail!
You shoot an arrow. The arrow hits the gnoll.
The gnoll is severely wounded.
The gnoll hits you with a +0 flail.
You shoot an arrow. The arrow closely misses the gnoll.
A gnoll comes into view. It is wielding a +0 spear.
The gnoll hits you with a +0 flail.
You shoot an arrow. The arrow barely misses the gnoll.
The gnoll shouts!
The gnoll hits you with a +0 flail.
1357 ||| READING scroll of teleportation.
As you read the scroll of teleportation, it crumbles to dust.
You feel strangely unstable.
A gnoll comes into view. It is wielding a +0 halberd.
The gnoll hits you with a +0 flail!
You die...

. ...
#..#
#...####
#..<.####
####.@g.#
####.)#
g.#


g.S #g. ) You could see 4 gnolls and a ball python.

Vanquished Creatures
  An adder (D:2)
  3 orcs (D:3)
  4 bats
  3 endoplasms
  2 giant cockroaches (D:1)
  5 goblins (D:1)
  A hobgoblin (D:2)
  5 kobolds
  A quokka (D:1)
  5 ball pythons
  A frilled lizard (D:2)
  5 rats
36 creatures vanquished.

Notes
Turn   | Place    | Note
-------+----------+-------------------------------------------
     0 | D:1      | qw the Minotaur Hunter began the quest for the Orb.
     0 | D:1      | Reached XP level 1. HP: 18/18 MP: 0/0
     0 | D:1      | 0 ||| qw: Version: 0.2-a-122-gbc61b45
     0 | D:1      | 0 ||| qw: Game counter: 3309
     0 | D:1      | 0 ||| qw: Always use a shield: true
     0 | D:1      | 0 ||| qw: God list: Okawaru
     0 | D:1      | 0 ||| qw: Allow faded altars: false
     0 | D:1      | 0 ||| qw: Do Orc after D:15 true
     0 | D:1      | 0 ||| qw: Do second Lair branch before Depths: true
     0 | D:1      | 0 ||| qw: Lair rune preference: random
     0 | D:1      | 0 ||| qw: Plans: Normal
     0 | D:1      | 0 ||| PLANNING D:1-11
   162 | D:1      | Reached XP level 2. HP: 25/25 MP: 1/1
   165 | D:1      | Reached skill level 5 in Ranged Weapons
   184 | D:1      | Noticed a shining eye
   186 | D:1      | Found a faded altar of an unknown god.
   192 | D:1      | Noticed an eye of devastation
   193 | D:1      | 193 ||| UPGRADING to +0 ring mail.
   203 | D:1      | 203 ||| UPGRADING to +0 leather armour.
   208 | D:1      | 208 ||| UPGRADING to +0 ring mail.
   218 | D:1      | 218 ||| DROPPING +0 leather armour.
   236 | D:1      | Reached skill level 1 in Armour
   258 | D:1      | Noticed a golden eye
   401 | D:1      | Reached skill level 3 in Fighting
   441 | D:1      | Noticed a floating eye
   470 | D:1      | 470 ||| READING scroll labelled POKLOUC QIDA.
   471 | D:1      | 471 ||| DROPPING scroll of butterflies.
   559 | D:2      | Found Iloaff's Distillery.
   564 | D:2      | 564 ||| SHOPLISTING potion of heal wounds (70 gold, have
                  | 47).
   564 | D:2      | 564 ||| SHOPLISTING potion of might (56 gold, have 47).
   651 | D:2      | Reached XP level 3. HP: 31/31 MP: 2/2
  1213 | D:2      | Identified the +1 robe "Kohomyeh" {Dex+2}
  1292 | D:2      | 1292 ||| UPGRADING to +1 robe "Kohomyeh" {Dex+2}.
  1302 | D:2      | 1302 ||| DROPPING +0 ring mail.
  1303 | D:2      | 1303 ||| READING scroll labelled ROTUYMITUDA.
  1304 | D:2      | 1304 ||| READING 2 scrolls labelled PEDUXA TOSCHEUQ.
  1307 | D:2      | 1307 ||| DRINKING 2 amethyst potions.
  1308 | D:2      | 1308 ||| DRINKING 2 brown potions.
  1309 | D:2      | 1309 ||| DROPPING potion of degeneration.
  1356 | D:3      | HP: 6/31 [gnoll/+0 flail (6)]
  1357 | D:3      | 1357 ||| READING scroll of teleportation.
  1357 | D:3      | Slain by a gnoll

Levels and vault maps discovered:
D:1:      dpeg_arrival_long_road, layout_rooms,
          hellmonk_ecumenical_altar_watching_god
D:2:      layout_basic, serial_shops, shop, chequers_decorated_corner
D:3:      layout_rooms, serial_corexii_hall, chequers_hall_statues_corner_a,
          chequers_hall_statues_corner_a, corexii_hall_statues_l,
          corexii_hall_statues_x, uniq_sigmund, uniq_natasha, uniq_robin

Skill      XL: |  1  2 |
---------------+-------+-----
Ranged Weapons | 5 |  5.5
Armour         | 1 |  1.0
Fighting       | 3 |  3.0
Dodging        | |  2.1
Stealth        | |  0.7

Action                     || total
---------------------------++-------
   Fire: Shortbow          ||   103
    Use: Scroll            ||     4
         Potion            ||     2
 Armour: Ring mail         ||     5
         Leather armour    ||     2
         Robe              ||     1
  Dodge: Dodged            ||    18

Table legend:
 A = Non-vault XP
 B = Vault XP
 C = Vault XP percentage of total XP
 D = Non-vault monster count
 E = Vault monster count
 F = Vault count percentage of total count
                 A         B        C        D         E       F
            +---------+---------+-------+---------+---------+-------
      Total |      73 |       0 |   0.0 |      36 |       0 |   0.0
            +---------+---------+-------+---------+---------+-------
        D:1 |      37 |       0 |   0.0 |      23 |       0 |   0.0
        D:2 |      27 |       0 |   0.0 |      10 |       0 |   0.0
        D:3 |       9 |       0 |   0.0 |       3 |       0 |   0.0
            +---------+---------+-------+---------+---------+-------
